 Dungeon Crawl Stone Soup version 0.31-a0-174-g85c54bcb58 (webtiles) character file.

Game seed: 65905877390054680

1184 lessens the Basher (level 8, -2/58 HPs)
             Began as a Formicid Fighter on June 16, 2023.
             Slain by a gnoll bouda
             ... wielding a +0 whip
              (8 damage)
             ... on level 6 of the Dungeon.
             The game lasted 00:06:48 (4882 turns).

lessens the Basher (Formicid Fighter)               Turns: 4882, Time: 00:06:49

Health: -2/58      AC:  8    Str: 24    XL:     8   Next: 70%
Magic:  8/8        EV:  9    Int:  7    God:
Gold:   297        SH:  5    Dex: 13    Spells: 7/7 levels left

rFire   + . .        F - +0 flail (venom)
rCold   . . .        c - +0 buckler
rNeg    . . .        b - +0 scale mail
rPois   .            (helmet unavailable)
rElec   .            (no cloak)
rCorr   .            f - +0 pair of gloves
SInv    +            (no boots)
Will    .....        (no amulet) Stlth
                     n - ring of flight
HPRegen 0.29/turn    p - ring of protection from fire
MPRegen 0.11/turn

%: no passive effects
@: weakened, flying
A: permanent stasis, dig shafts and tunnels, antennae 3, four strong arms
a: Dig, Shaft Self


You were on level 6 of the Dungeon.
You visited 1 branch of the dungeon, and saw 6 of its levels.

You collected 319 gold pieces.
You spent 22 gold pieces at shops.

Inventory:

Hand Weapons
 a - a +0 flail
 F - a +0 flail of venom (weapon)
Missiles
 i - 53 stones
 o - 12 poisoned darts
 r - 6 javelins
 C - 5 boomerangs
Armour
 b - a +0 scale mail (worn)
 c - a +0 buckler (worn)
 f - a +0 pair of gloves (worn)
Jewellery
 e - a ring of fire
 h - a ring of magical power
 n - a ring of flight (left hand)
 p - a ring of protection from fire (right hand)
 w - a ring of positive energy
 x - a ring of wizardry
 y - a +6 ring of intelligence
Wands
 v - a wand of mindburst (5)
 B - a wand of light (9)
Scrolls
 g - 2 scrolls of brand weapon {unknown}
 j - 3 scrolls of identify
 l - a scroll of teleportation {unknown}
 t - a scroll of fear {unknown}
 u - a scroll of acquirement {unknown}
 A - 2 scrolls of revelation {unknown}
 D - a scroll of amnesia {unknown}
Potions
 d - a potion of heal wounds {unknown}
 k - 3 potions of curing
 m - 3 potions of enlightenment
 q - a potion of invisibility {unknown}
 s - 2 potions of mutation
 z - a potion of ambrosia {unknown}
 E - a potion of might


   Skills:
 - Level 3.2 Fighting
 + Level 10.0 Maces & Flails
 - Level 3.2 Armour
 - Level 4.0 Shields


You had 7 spell levels left.
You didn't know any spells.
Your spell library was empty.

Dungeon Overview and Level Annotations

Branches:
Dungeon (6/15) Zot: 26471
 Temple: D:4-7

Altars:
Ru
Trog

Shops:
D:1 (?(


Innate Abilities, Weirdness & Mutations

You cannot be hasted, slowed, berserked, paralysed or teleported.
You can dig through walls and to a lower floor.
You have a pair of large antennae on your head. (SInv)
Your four strong arms can wield two-handed weapons with a shield.


Message History

The gnoll bouda mumbles some strange prayers to its god.
The gnoll bouda is healed somewhat.
Your Maces & Flails skill increases to level 10!
The gnoll hits you but does no damage. The orc hits you but does no damage.
The gnoll hits you from afar with a +0 spear.
* * * LOW HITPOINT WARNING * * *
The gnoll bouda attacks as you move away!
The gnoll bouda closely misses you.
The gnoll bouda attacks as you move away!
The gnoll bouda hits you with a +0 whip.
* * * LOW HITPOINT WARNING * * *
The orc throws a stone.
The stone closely misses you.
The gnoll bouda gazes fiercely through you!
You feel as though you will be weak longer.
You hit the gnoll bouda but do no damage.
The gnoll bouda looks even sicker.
The gnoll bouda is severely wounded.
The gnoll hits you but does no damage.
You closely miss the gnoll bouda.
The gnoll bouda is severely wounded.
You block the gnoll's attack.
The gnoll bouda mumbles some strange prayers to its god.
The gnoll bouda is healed somewhat.
You closely miss the gnoll bouda.
The gnoll bouda is heavily wounded.
The gnoll hits you from afar with a +0 spear.
* * * LOW HITPOINT WARNING * * *
The gnoll bouda hits you with a +0 whip!
* * * LOW HITPOINT WARNING * * *
You hit the gnoll bouda but do no damage.
The gnoll bouda looks as sick as possible!
The gnoll bouda is heavily wounded.
The gnoll hits you but does no damage. The orc hits you but does no damage.
The gnoll bouda closely misses you. You block the gnoll's attack.
You hit the gnoll bouda but do no damage.
The gnoll bouda looks as sick as possible!
The gnoll bouda is severely wounded.
The gnoll barely misses you.
The gnoll bouda hits you with a +0 whip!
You die...

... #.# ...####.###
#.........# #.........#
#......)..# #.........# ###
........g.# #<#
#........####.#####
.......##.go@......#
####.#.##.g.g......#
##.#.##..........# #.
#.##..........# # #.
#.##..........#
#.##.##.##..........#####
....................#...#
##. #>................#.#.#
#..
#.............#####.#.######


You could see a gnoll bouda (extremely poisoned), 2 gnolls and an orc.

Vanquished Creatures
  Edmund (D:6)
  A water moccasin (D:5)
  2 black bears
  3 centaurs
  A scorpion (D:4)
  A howler monkey (D:6)
  An orc priest (D:4)
  A jelly (D:4)
  2 hounds
  4 iguanas
  An orc wizard (D:4)
  3 gnolls
  9 adders
  2 ufetubi
  4 worms
  A dart slug (D:3)
  3 orcs (D:4)
  7 ball pythons
  5 endoplasms
  A giant cockroach (D:4)
  6 goblins
  8 hobgoblins
  2 jackals (D:5)
  6 kobolds
  5 quokkas
  3 bats
  4 frilled lizards
  3 rats
90 creatures vanquished.

Notes
Turn   | Place    | Note
-------+----------+-------------------------------------------
     0 | D:1      | lessens the Formicid Fighter began the quest for the Orb.
     0 | D:1      | Reached XP level 1. HP: 18/18 MP: 1/1
   140 | D:1      | Found Doen's Magic Scroll Shoppe.
   156 | D:1      | Reached skill level 3 in Maces & Flails
   156 | D:1      | Reached XP level 2. HP: 14/24 MP: 2/2
   167 | D:1      | Reached XP level 3. HP: 21/29 MP: 3/3
   354 | D:1      | Found Puuc's Antique Weapon Boutique.
   375 | D:1      | Bought a scroll of identify for 22 gold pieces
   484 | D:1      | Found Izxia's Weapon Shoppe.
   870 | D:2      | Reached skill level 4 in Maces & Flails
   870 | D:2      | Reached XP level 4. HP: 35/35 MP: 4/4
  2209 | D:3      | Reached XP level 5. HP: 41/41 MP: 5/5
  2388 | D:4      | Reached skill level 5 in Maces & Flails
  2416 | D:4      | Reached XP level 6. HP: 17/47 MP: 6/6
  2422 | D:4      | Reached skill level 6 in Maces & Flails
  3120 | D:4      | Reached XP level 7. HP: 49/52 MP: 7/7
  3125 | D:4      | Reached skill level 7 in Maces & Flails
  3387 | D:5      | Entered Level 5 of the Dungeon
  3519 | D:5      | Noticed a water moccasin
  3537 | D:5      | Killed a water moccasin
  3538 | D:5      | Reached skill level 8 in Maces & Flails
  3838 | D:5      | Found a bloodstained altar of Trog.
  3869 | D:5      | Reached XP level 8. HP: 38/58 MP: 8/8
  4154 | D:5      | Reached skill level 9 in Maces & Flails
  4624 | D:6      | Noticed Edmund
  4635 | D:6      | Killed Edmund
  4798 | D:6      | Found a sacrificial altar of Ru.
  4874 | D:6      | Reached skill level 10 in Maces & Flails
  4882 | D:6      | Slain by a gnoll bouda

Illustrated notes

Levels and vault maps discovered:
D:1:      eino_arrival_druids_welcome, layout_basic, serial_shops, shop,
          nicolae_shop_scrapyard, shop
D:2:      layout_rooms, kennysheep_potato
D:3:      layout_basic
D:4:      layout_basic
D:5:      layout_rooms, trog_three_pillars_becter, dreamdust_wishing_well
D:6:      layout_basic, lemuel_doored_altar, nicolae_ru_sacrificial_ziggurat,
          mainiacjoe_overflow_alcove_4, kennysheep_flooded_box, uniq_edmund

Skill      XL: |  1  2  3  4  5  6  7  8 |
---------------+-------------------------+-----
Maces & Flails | 3 4 5 6 8 10 | 10.0
Fighting       | |  3.2
Armour         | |  3.2
Shields        | |  4.0

Action                     |  1- 3 |  4- 6 |  7- 9 || total
---------------------------+-------+-------+-------++-------
  Melee: Flail             |    80 |   159 |   110 ||   349
  Evoke: Wand              |       |       |     5 ||     5
    Use: Scroll            |       |     3 |       ||     3
         Potion            |       |     1 |     1 ||     2
   Stab: Invisible         |       |       |     3 ||     3
 Armour: Scale mail        |    33 |    70 |    86 ||   189
  Dodge: Dodged            |    39 |    68 |    80 ||   187
  Block: Buckler           |    13 |    42 |    39 ||    94

Table legend: (Time is in decaauts)
 A = Elapsed time spent in this place.
 B = Non-inter-level travel time spent in this place.
 C = Inter-level travel time spent in this place.
 D = Time resting spent in this place.
 E = Time spent auto-exploring this place.
 F = Levels seen in this place.
 G = Mean time per level.
                   A        B        C        D        E       F      G
               +--------+--------+--------+--------+--------+-----+--------+
         Total |   4931 |   4789 |    142 |    129 |   3842 |   6 |  821.8 |
       Dungeon |   4931 |   4789 |    142 |    129 |   3842 |   6 |  821.8 |
               +--------+--------+--------+--------+--------+-----+--------+

Top non-repeatable levels by time:
     D:4: 1128 daAuts
     D:3: 938 daAuts
     D:5: 923 daAuts
     D:2: 784 daAuts
     D:1: 708 daAuts
     D:6: 447 daAuts

Levels and vault maps discovered:
D:1:      eino_arrival_druids_welcome, layout_basic, serial_shops, shop,
          nicolae_shop_scrapyard, shop
D:2:      layout_rooms, kennysheep_potato
D:3:      layout_basic
D:4:      layout_basic
D:5:      layout_rooms, trog_three_pillars_becter, dreamdust_wishing_well
D:6:      layout_basic, lemuel_doored_altar, nicolae_ru_sacrificial_ziggurat,
          mainiacjoe_overflow_alcove_4, kennysheep_flooded_box, uniq_edmund
